 Dungeon Crawl Stone Soup version 0.28-a0-512-g960c72b710 (webtiles) character file.

Game seed: 11113723092420588894

3035 Lekart the Cruncher (level 9, -6/78 HPs)
             Began as a Red Draconian Abyssal Knight on Sept 22, 2021.
             Was a Priest of Lugonu.
             Killed by vampiric draining
             ... invoked by a vampire
              (11 damage)
             ... on level 9 of the Dungeon.
             The game lasted 00:07:23 (5980 turns).

Lekart the Cruncher (Red Draconian Abyssal Knight)  Turns: 5980, Time: 00:07:24

Health: -6/78      AC: 12    Str: 15    XL:     9   Next: 56%
Magic:  10/14      EV: 14    Int: 11    God:    Lugonu [***...]
Gold:   185        SH:  0    Dex: 15    Spells: 8/8 levels left

rFire   + . .      SeeInvis .   l - +4 quarterstaff (chaos)
rCold   . . .      Faith    .   (shield currently unavailable)
rNeg    . . .      Spirit   .   (armour unavailable)
rPois   .          Reflect  .   i - +2 hat
rElec   .          Harm     .   m - +2 cloak
rCorr   .          Rampage  .   (no gloves)
Will    .....                   (no boots)
Stlth   +.........              (no amulet)
HPRegen 0.23/turn               (no ring)
MPRegen 0.14/turn               (no ring)

@: confused, attractive, hasted, very quick
A: breathe fire, AC +7, unfitting armour, fire resistance 1, cold-blooded
a: Breathe Fire, Renounce Religion, Depart the Abyss, Bend Space, Banish


You were on level 9 of the Dungeon.
You worshipped Lugonu.
Lugonu was most pleased with you.
You visited 2 branches of the dungeon, and saw 8 of its levels.
You visited the Abyss 1 time.

You collected 185 gold pieces.

Inventory:

Hand Weapons
 a - a +2 falchion of venom
 d - a +0 hand axe of flaming
 l - a +4 quarterstaff of chaos (weapon)
Missiles
 s - a throwing net
Armour
 i - a +2 hat (worn)
 m - a +2 cloak (worn)
Jewellery
 o - a ring of protection from fire
Wands
 n - a wand of digging (6)
 r - a wand of mindburst (16)
Scrolls
 g - a scroll of teleportation {unknown}
 h - 2 scrolls of identify {unknown}
 t - a scroll of fog {unknown}
Potions
 b - a potion of attraction
 c - 3 potions of haste
 e - 2 potions of curing {unknown}
 j - a potion of magic {unknown}
 k - 2 potions of might {unknown}
 p - a potion of degeneration {unknown}
 q - 2 potions of heal wounds {unknown}


   Skills:
 + Level 6.8 Fighting
 + Level 3.7 Long Blades
 + Level 2.6 Axes
 + Level 8.2 Staves
 + Level 5.1 Dodging
 * Level 6.8 Invocations


You had 8 spell levels left.
You didn't know any spells.
Your spell library contained the following spells:

 Spells                   Type           Power      Damage    Failure   Level
 Dispersal                Tloc           0%         N/A       100%        6
 Disjunction              Tloc           0%         N/A       100%        8


Dungeon Overview and Level Annotations

Branches:
Dungeon (9/15)             Temple (1/1) D:4
   Lair: D:8-11         Orc: D:9-12

Altars:
Ashenzari
Cheibriados
Elyvilon
Fedhas
Gozag
Hepliaklqana
Kikubaaqudgha
Makhleb
Nemelex Xobeh
Okawaru
Qazlal
Ru
Uskayaw
Vehumet
Yredelemnul
Zin
The Shining One


Innate Abilities, Weirdness & Mutations

You can breathe blasts of fire.
Your fiery red scales are hard. (AC +7)
You cannot fit into any form of body armour.
Your flesh is heat resistant. (rF+)
You are cold-blooded and may be slowed by cold attacks.


Message History

Something barely misses you. Something bites you.
* * * LOW HITPOINT WARNING * * *
Something draws strength from your injuries!
As you read the scroll labelled UCSIUG YSHRECIAP, it crumbles to dust.
It is a scroll of enchant armour.
You aren't carrying any armour which can be enchanted further.
Something hits you!
* * * LOW HITPOINT WARNING * * *
Something barely misses you. Something hits you but does no damage.
Something barely misses you.
A vampire appears from thin air!
Reactivating autopickup.
The vampire points at you and mumbles some strange words.
You resist with some effort. The vampire is attracted toward you.
The vampire gestures wildly while chanting.
The vampire flickers and vanishes!
Deactivating autopickup; reactivate with Ctrl-A.
Something is attracted toward you.
You have got your breath back.
You hear some strange, mumbled words.
Something tries to affect you, but you resist.
Something is attracted toward you.
There is an escape hatch in the ceiling here.
Press: ? - help, Shift-Dir - straight line You fail to use your ability.
Something hits you.
* * * LOW HITPOINT WARNING * * *
Something barely misses you.
Press: ? - help, Shift-Dir - straight line Nothing appears to happen.
You hear some strange, mumbled words.
You are confused.
You are too confused!
You're too confused to move!
Something hits you!
* * * LOW HITPOINT WARNING * * *
Something bites you but does no damage. Something hits you but does no damage.
Something bites you but does no damage.
You are too confused!
It was a potion of haste.
You feel yourself speed up. Something draws life force from you!
You die...

...≈.#####.≈..###+## ######'###
+#.......#.≈..# #.# #...#
...≈.#._.#.≈.## #.# ##.####
...≈.#.....≈.# #.# #.....#
...≈.#####.≈.# #.# #.....#
...≈.....(.≈.# ##.# #.....#
...≈≈≈≈≈≈≈≈≈.# #..# #..>..#
.............###.########.....#
.....'..........@{............###
.....##########.<###.#..........#
.....# #.## #..#...##...#. ######
#.# #...#..##..#.. #(#
#....#....#... ..# ##....#..#....
.## #.##..##..##. #.
#.##..##..##. #+ #....#..#....


There were no monsters in sight!

Vanquished Creatures
  2 two-headed ogres (D:9)
  Sigmund (D:4)
  4 yaks (D:4)
  A sky beast (D:5)
  2 necrophages (D:4)
  An ogre (D:4)
  2 centaurs (D:9)
  A kobold brigand (D:9)
  A phantom (D:4)
  2 bullfrogs
  An orc priest (D:4)
  Crazy Yiuf (D:3)
  2 hounds (D:4)
  A centaur skeleton (D:5)
  Jessica (D:2)
  An orc wizard (D:4)
  A hound skeleton (D:4)
  3 gnolls (D:5)
  4 adders
  2 worms
  3 dart slugs
  6 orcs
  6 ball pythons
  8 endoplasms
  3 giant cockroaches
  2 goblins
  6 hobgoblins
  2 jackals (D:4)
  14 kobolds
  3 quokkas
  4 bats
  5 frilled lizards
  5 rats
101 creatures vanquished.

Notes
Turn   | Place    | Note
-------+----------+-------------------------------------------
     0 | Abyss:1  | Lekart the Draconian Abyssal Knight began the quest for the
                  | Orb.
     0 | Abyss:1  | Reached XP level 1. HP: 19/19 MP: 2/2
   159 | Abyss:1  | Noticed a small abomination
   162 | D:1      | Escaped the Abyss
   247 | D:1      | Reached * piety under Lugonu
   460 | D:1      | Reached XP level 2. HP: 26/26 MP: 3/3
   969 | D:2      | Noticed Jessica
   975 | D:2      | Killed Jessica
   976 | D:2      | Reached XP level 3. HP: 18/33 MP: 4/4
  1289 | D:2      | Reached XP level 4. HP: 26/40 MP: 4/6
  1603 | D:2      | Reached ** piety under Lugonu
  1604 | D:2      | Reached skill level 1 in Axes
  2289 | D:3      | Found a faded altar of an unknown god.
  2755 | D:3      | Found a runed translucent door.
  2756 | D:3      | Noticed Crazy Yiuf
  3038 | D:3      | Killed Crazy Yiuf
  3039 | D:3      | Reached XP level 5. HP: 11/47 MP: 7/7
  3372 | D:4      | Noticed Sigmund
  3378 | D:4      | Killed Sigmund
  3379 | D:4      | Reached XP level 6. HP: 32/53 MP: 8/8
  3688 | D:4      | Reached skill level 1 in Staves
  3969 | D:4      | Your scales start taking on a fiery red colour.
  3969 | D:4      | Reached XP level 7. HP: 56/60 MP: 10/10
  3969 | D:4      | Gained mutation: Your flesh is heat resistant. (rF+) [Red
                  | Draconian growth]
  4037 | D:4      | Reached skill level 5 in Fighting
  4037 | D:4      | Reached skill level 2 in Staves
  4157 | D:4      | Found a burning altar of Makhleb.
  4437 | D:4      | Reached skill level 3 in Staves
  4528 | D:4      | Noticed a yak
  4531 | D:4      | Noticed a yak
  4532 | D:4      | Noticed a yak
  4533 | D:4      | Noticed a yak
  4544 | D:4      | Killed a yak
  4546 | D:4      | Killed a yak
  4547 | D:4      | Reached skill level 4 in Staves
  4547 | D:4      | Reached skill level 5 in Invocations
  4547 | D:4      | Reached XP level 8. HP: 53/69 MP: 11/11
  4558 | D:4      | Reached skill level 5 in Staves
  4666 | D:4      | Found a staircase to the Ecumenical Temple.
  4919 | Temple   | Entered the Ecumenical Temple
  5165 | D:5      | Entered Level 5 of the Dungeon
  5288 | D:5      | You fall into a shaft and drop 3 floors!
  5350 | D:9      | Noticed a two-headed ogre
  5359 | D:9      | Killed a two-headed ogre
  5360 | D:9      | Reached skill level 6 in Staves
  5360 | D:9      | Reached XP level 9. HP: 50/75 MP: 13/13
  5376 | D:9      | Reached skill level 7 in Staves
  5376 | D:9      | Reached *** piety under Lugonu
  5377 | D:9      | Found a glowing silver altar of Zin.
  5427 | D:9      | Found an ancient bone altar of Kikubaaqudgha.
  5428 | D:9      | Noticed a two-headed ogre
  5437 | D:9      | Killed a two-headed ogre
  5438 | D:9      | Reached skill level 5 in Dodging
  5663 | D:9      | Found a sacrificial altar of Ru.
  5746 | D:9      | Reached skill level 8 in Staves
  5844 | D:9      | Found a white marble altar of Elyvilon.
  5980 | D:9      | Killed from afar by a vampire

Illustrated notes

Levels and vault maps discovered:
D:1:      ncdulo_lavacross, layout_rooms, hangedman_decor_push
D:2:      layout_rooms, uniq_jessica
D:3:      layout_loops_corners, hellmonk_ecumenical_altar_crossroads,
          serial_glass, glass_columns_a, glass_columns_b, grunt_decor_clamped,
          grunt_ministairs_9, uniq_crazy_yiuf_cottage
D:4:      layout_loops_ring, makhleb_blood_cavern_becter,
          minmay_temple_entry_nine_rooms, minmay_misc_feat_hallway,
          kennysheep_dice, uniq_sigmund
D:5:      minmay_polygon_palace, layout_loops_cross, serial_shops,
          nicolae_stop_n_shop_2, uniq_pikel, uniq_menkaure
D:8:      layout_cave_pools, david_lair_generic, serial_shops,
          nicolae_square_shop, kennysheep_doodads, minmay_manual_mullet
D:9:      layout_roguey, mainiacjoe_overflow_brackets,
          nicolae_ru_great_annihilating_truth, zin_academy, lemuel_round_altar,
          minivault_26
Temple:   nicolae_temple_figure_eight

Skill      XL: |  1  2  3  4  5  6  7  8  9 |
---------------+----------------------------+-----
Fighting       | 4 5 6 |  6.8
Axes           | 1 2 |  2.6
Dodging        | 3 4 5 |  5.1
Invocations    | 3 4 5 6 |  6.8
Long Blades    | 3 |  3.7
Staves         | 1 4 6 8 |  8.2

Action                   |  1- 3 |  4- 6 |  7- 9 || total
-------------------------+-------+-------+-------++-------
Melee: Falchion          |    11 |    37 |       ||    48
       Tailslap          |     6 |    13 |    14 ||    33
       Hand axe          |    68 |    28 |       ||    96
       Quarterstaff      |       |    32 |   130 ||   162
Invok: Depart the Abyss  |     1 |       |       ||     1
       Banish            |       |       |     1 ||     1
 Abil: Breathe Fire      |       |       |     3 ||     3
  Use: Scroll            |       |     4 |     1 ||     5
       Potion            |       |       |     2 ||     2
 Stab: Distracted        |     1 |       |       ||     1
       Sleeping          |     1 |     1 |     1 ||     3
       Paralysed         |       |       |     1 ||     1
Armor: Skin              |    33 |    53 |    74 ||   160
Dodge: Dodged            |    70 |    57 |   115 ||   242

Table legend: (Time is in decaauts)
 A = Elapsed time spent in this place.
 B = Non-inter-level travel time spent in this place.
 C = Inter-level travel time spent in this place.
 D = Time resting spent in this place.
 E = Time spent auto-exploring this place.
 F = Levels seen in this place.
 G = Mean time per level.
                   A        B        C        D        E       F      G
               +--------+--------+--------+--------+--------+-----+--------+
         Total |   6034 |   5830 |    204 |    913 |   4073 |   9 |  670.4 |
       Dungeon |   5683 |   5496 |    187 |    913 |   3743 |   7 |  811.9 |
        Temple |    188 |    172 |     16 |      0 |    172 |   1 |  188.0 |
         Abyss |    162 |    162 |      0 |      0 |    158 |   1 |  162.0 |
               +--------+--------+--------+--------+--------+-----+--------+

Top non-repeatable levels by time:
     D:4: 1659 daAuts
     D:3: 1528 daAuts
     D:2: 877 daAuts
     D:1: 806 daAuts
     D:9: 675 daAuts
  Temple: 188 daAuts
 Abyss:1: 162 daAuts
     D:5: 123 daAuts
     D:8: 13 daAuts
